Get step-by-step instructions on how to execute this build order below. Start the game timer, and the build order will tick by so you can play in parallel with StarCraft on a second screen or mobile device.

Game Time

  0:00

Last Step

  N/A

Next Step

Upcoming Step



Don't want to look back and forth between 2 screens? Try out our Overwolf App, the Spawning Tool Build Advisor to get an in-game overlay with this build!

Complete Build Order

  12  0:00  Probe  
  13  0:12  Probe  
  14  0:17  Pylon  
  14  0:24  Probe  
  15  0:35  Gateway  
  15  0:37  Probe (Chrono Boost)  
  16  0:46  Assimilator, Probe (Chrono Boost)  
  17  0:51  Probe (Chrono Boost)  
  18  0:58  Assimilator  
  18  1:03  Probe (Chrono Boost)  
  19  1:08  Gateway  
  19  1:12  Probe (Chrono Boost)  
  19  1:17  Probe (Chrono Boost)  
  20  1:25  Cybernetics Core  
  21  1:29  Probe  
  22  1:38  Pylon  
  22  1:41  Probe  
  23  1:56  Probe  
  23  1:59  Warp Gate (Chrono Boost)  
  24  2:01  Adept x2  
  28  2:13  Pylon  
  28  2:30  Pylon  
  28  2:33  Adept x2  
  32  2:46  Probe  
  33  3:00  Pylon, Probe  
  33  3:05  Sentry x2  
  36  3:13  Robotics Facility  
  36  3:22  Nexus  
  36  3:24  Shield Battery  
  36  3:25  Probe  
  37  3:38  Probe  
  37  3:39  Sentry x2  
  42  3:46  Pylon  
  42  3:50  Probe  
  43  4:01  Immortal (Chrono Boost)  
  43  4:02  Probe  
  46  4:14  Probe  
  46  4:15  Twilight Council  
  47  4:26  Probe  
  48  4:31  Immortal (Chrono Boost)  
  53  4:38  Probe  
  53  4:41  Probe  
  53  4:45  Stalker  
  56  4:50  Stalker  
  58  4:57  Probe x2 (Chrono Boost)  
  60  5:04  Blink (Chrono Boost)  
  60  5:08  Probe (Chrono Boost)  
  60  5:10  Probe (Chrono Boost)  
  62  5:15  Probe  
  62  5:20  Probe  
  60  5:24  Adept  
  60  5:26  Gateway  
  60  5:27  Observer, Gateway  
  63  5:30  Probe  
  63  5:32  Probe  
  63  5:33  Pylon  
  65  5:40  Assimilator  
  65  5:42  Probe  
  66  5:44  Probe  
  66  5:49  Stalker  
  69  5:53  Stalker  
  69  5:55  Pylon  
  71  6:06  Immortal (Chrono Boost)  
  71  6:10  Shield Battery x2  
  73  6:16  Stalker  
  73  6:24  Stalker  
  73  6:25  Zealot x2  
  67  6:31  Pylon  
  58  6:46  Stalker x2  
  49  7:11  Stalker x2  
  53  7:17  Pylon  
  51  7:25  Pylon  
  47  7:36  Stalker x2  
  51  7:41  Probe x2  
  51  7:44  Stalker  
  55  7:50  Stalker  
  45  8:02  Zealot, Stalker  
  47  8:07  Stalker  
  44  8:18  Stalker  
  44  8:19  Zealot  
  42  8:32  Stalker  
  42  8:41  Zealot  
  42  8:46  Stalker  
  46  8:52  Probe  
  46  8:53  Probe  
  48  9:00  Stalker x2  
  52  9:05  Probe x2  
  54  9:13  Stalker  
  56  9:18  Stalker  
  56  9:24  Stalker  
  60  9:28  Stalker  
  60  9:30  Observer  
  62  9:34  Probe x2  
  64  9:51  Nexus  
  64  9:53  Pylon  
  64  9:56  Sentry  
  64  9:59  Probe x2  
  68  10:11  Probe x2 (Chrono Boost)  
  70  10:14  Forge  
  70  10:21  Probe x2 (Chrono Boost)  
  72  10:22  Phoenix  
  72  10:25  Probe (Chrono Boost)  
  72  10:26  Probe (Chrono Boost)  
  74  10:30  Stalker x3  
  80  10:35  Stalker  
  80  10:40  Observer (Chrono Boost)  
  80  10:42  Pylon  
  82  10:44  Shield Battery  
  82  10:46  Probe  
  82  10:49  Probe  
  84  10:58  Zealot  
  84  11:02  Stalker x3  
  81  11:07  Stalker  
  74  11:16  Pylon  
  56  11:27  Stalker x3